AoeStats
← Mich_LDDG

Arena

510544373Analyzed
1v1 RM · 18h ago on Oct 1, 2026· 107m 6s· 2 players
Game mode
Random Map
Map size
Tiny (2 player)
Population
200
Speed
Normal
Resources
Standard
Victory
Conquest
Starting age
Dark Age
Ending age
Imperial Age
RankedLock teamsTeams togetherTeam positionsShared explorationLock speedFull tech treeHidden civsTurbo modeCheats
Victory
Defeat
🇩🇪 Portuguese · Germany
497
+17
🇫🇷 Vietnamese · France
524
-17
BenMasterful
15:23 Feudal Age
19:20 Castle Age
17:11 Double-Bit Axe
17:08 Horse Collar
24:07 Bow Saw
24:50 Gold Mining
24:53 Stone Mining
26:52 Stone Shaft Mining
30:59 Elite Skirmisher
34:32 Imperial Age
34:01 Circumnavigation
35:11 Heavy Plow
36:29 Chemistry
35:49 Ballistics
39:14 Crop Rotation
40:38 Bombard Tower
40:09 Heated Shot
40:21 Padded Archer Armor
40:11 Fletching
40:32 Forging
40:22 Scale Mail Armor
40:28 Scale Barding Armor
42:03 Arquebus
42:43 Onager
43:38 Husbandry
43:48 Bloodlines
42:58 Light Cavalry
44:55 Two-Man Saw
44:39 Leather Archer Armor
44:19 Bodkin Arrow
47:26 Elite Organ Gun
49:29 Bracer
49:59 Ring Archer Armor
50:04 Iron Casting
49:45 Chain Mail Armor
49:50 Chain Barding Armor
49:30 Arson
49:07 Pikeman
49:08 Man-at-Arms
49:34 Gambesons
51:51 Thumb Ring
51:06 Crossbowman
51:46 Halberdier
51:46 Long Swordsman
51:51 Cavalier
53:39 Masonry
53:10 Treadmill Crane
53:35 Siege Engineers
53:26 Murder Holes
53:41 Fortified Wall
53:22 Guard Tower
54:11 Plate Barding Armor
54:06 Plate Mail Armor
54:36 Blast Furnace
57:02 Two-Handed Swordsman
62:47 Champion
74:48 Arbalester
94:54 Keep
Mich_LDDG
0:27 Loom
3:16 Loom
12:12 Feudal Age
12:43 Horse Collar
13:26 Double-Bit Axe
16:21 Gold Mining
20:31 Wheelbarrow
23:57 Castle Age
24:21 Forging
24:17 Scale Barding Armor
25:11 Stone Mining
25:59 Fletching
26:10 Padded Archer Armor
26:31 Chain Barding Armor
31:16 Crossbowman
32:03 Thumb Ring
35:21 Stone Shaft Mining
36:58 Chatras
38:28 Hand Cart
39:08 Bloodlines
39:02 Husbandry
39:24 Heavy Plow
39:37 Bow Saw
43:20 Imperial Age
45:01 Chemistry
45:15 Hoardings
45:39 Ballistics
49:35 Crop Rotation
50:34 Two-Man Saw
51:17 Bodkin Arrow
51:39 Leather Archer Armor
52:01 Iron Casting
52:25 Paper Money
53:19 Elite Rattan Archer
54:15 Elite Battle Elephant
Connection lost

Rejoining the realm…

Still unreachable

The connection could not be restored.

Session expired

The server has moved on; the page needs a fresh start.